 Dungeon Crawl Stone Soup version 0.23-a0-639-ga9a3373214 (webtiles) character file.

9219 HereIgoKillingAgain the Severer (level 11, 0/82 HPs)
             Began as a Hill Orc Fighter on Dec 29, 2018.
             Was a Priest of the Shining One.
             Slain by a wraith (3 damage)
             ... led by Josephine
             ... on level 1 of the Orcish Mines.
             The game lasted 00:10:48 (9207 turns).

HereIgoKillingAgain the Severer (Hill Orc Fighter)  Turns: 9207, Time: 00:10:48

Health: 0/82       AC: 17    Str: 23    XL:     11   Next: 43%
Magic:  11/11      EV:  9    Int:  8    God:    the Shining One [***...]
Gold:   534        SH:  9    Dex: 15    Spells: 10/10 levels left

rFire    + . .     SeeInvis .   C - +4 hand axe (curse)
rCold    . . .     Gourm    .   c - +0 shield
rNeg     + . .     Faith    .   u - +3 plate armour
rPois    .         Spirit   .   (no helmet)
rElec    .         Reflect  .   r - +0 cloak
rCorr    .         Harm     .   (no gloves)
MR       .....                  q - +1 pair of boots
Stlth    ..........             a - amulet of Hoanuz {RegenMP Slay+2}
HPRegen  0.23/turn              y - ring of protection from fire
MPRegen  0.37/turn              (no ring)

@: agile, berserk cooldown, slowed, glowing, drained, very slow
A: no striking features
a: Divine Shield, Renounce Religion


You were on level 1 of the Orcish Mines.
You worshipped the Shining One.
The Shining One was most pleased with you.
You were not hungry.

You visited 3 branches of the dungeon, and saw 13 of its levels.

You collected 579 gold pieces.
You spent 45 gold pieces at shops.

Inventory:

Hand Weapons
 C - a cursed +4 hand axe (weapon)
Armour
 c - a +0 shield (worn)
 q - a +1 pair of boots (worn)
 r - a +0 cloak (worn)
 u - a +3 plate armour (worn)
Jewellery
 a - the amulet of Hoanuz (around neck) {RegenMP Slay+2}
   (You found it on level 6 of the Dungeon)

   [amulet of magic regeneration]

   It increases your magic regeneration.
   It affects your accuracy and damage with ranged weapons and melee attacks
   (+2).
 y - a ring of protection from fire (left hand)
 H - a +4 ring of strength {unknown}
Wands
 e - a wand of enslavement (14)
 E - a wand of flame (43)
 F - a wand of acid (6)
Scrolls
 b - 2 scrolls of teleportation
 g - 10 scrolls of remove curse
 h - a scroll of noise {unknown}
 i - 2 scrolls of fear {unknown}
 k - 2 scrolls of enchant armour {unknown}
 l - 4 scrolls of magic mapping {unknown}
 m - 4 scrolls of immolation {unknown}
 s - a scroll of amnesia {unknown}
 w - 6 scrolls of identify
 x - a scroll of fog {unknown}
 z - a scroll of summoning {unknown}
 B - a scroll of vulnerability {unknown}
 D - a scroll of random uselessness {unknown}
 G - a scroll of torment {unknown}
 I - a scroll of enchant weapon {unknown}
Potions
 d - a potion of agility
 j - a potion of brilliance {unknown}
 n - a potion of haste {unknown}
 o - a potion of flight
 p - a potion of cancellation {unknown}
 t - a potion of heal wounds {unknown}
 v - 2 potions of curing
 J - 2 potions of magic {unknown}
Comestibles
 f - 21 rations


   Skills:
 - Level 3.6(2.8) Fighting
 + Level 20.5(19.3) Axes
 - Level 3.2(2.5) Armour
 - Level 3.2(2.5) Shields


You had 10 spell levels left.
You didn't know any spells.
Your spell library contained the following spells:

 Spells                   Type           Power        Failure   Level  Hunger
 Magic Dart               Conj           #...         100%        1    ##.....
 Sting                    Conj/Pois      #...         100%        1    ##.....
 Blink                    Tloc           N/A          100%        2    ###....
 Call Imp                 Summ           #.......     100%        2    ###....
 Poisonous Vapours        Pois/Air       #.....       100%        2    ###....
 Slow                     Hex            #.......     100%        2    ###....
 Conjure Flame            Conj/Fire      #.......     100%        3    ####...
 Mephitic Cloud           Conj/Pois/Air  #.......     100%        3    ####...
 Olgreb's Toxic Radiance  Pois           #.......     100%        4    #####..
 Venom Bolt               Conj/Pois      #.........   100%        5    ######.


Dungeon Overview and Level Annotations

Branches:
Dungeon (11/15)            Temple (1/1) D:5            Lair (0/6) D:10
    Orc (1/2) D:11

Altars:
Ashenzari
Cheibriados
Dithmenos
Elyvilon
Fedhas
Hepliaklqana
Kikubaaqudgha
Makhleb
Qazlal
Ru
Sif Muna
Trog
Uskayaw
Vehumet
Wu Jian
Xom
Yredelemnul
Zin
The Shining One
Beogh

Shops:
D:7 [   D:8 **}

Annotations:
D:6 1 runed door
D:10 1 transporter
Orc:1 Josephine


Message History

You hit Josephine.
Josephine is severely wounded.
You hit the wraith. You hit the wraith but do no damage.
You hit the troll but do no damage. The wraith hits you but does no damage.
The troll bites you. The troll barely misses you. x2
Josephine hits you but does no damage. The wraith hits you but does no damage.
Unknown command.
You feel agile all of a sudden. You block the wraith's attack.
The troll bites you!
* * * LOW HITPOINT WARNING * * *
The troll claws you.
* * * LOW HITPOINT WARNING * * *
The troll claws you!
* * * LOW HITPOINT WARNING * * *
You block Josephine's attack. The wraith hits you!
* * * LOW HITPOINT WARNING * * *
The wraith drains your vigour!
You feel as though you will be slow longer.
The wraith hits you.
You die...

.......##....##.#
.......####.###.##
.........##.##...##
..................###
..............).....#..
.##..........†.........
.. .....#........#..##.
.......#........###.#...
....$..........)@@......
.......>.......TWW......
....#..^.....#.....#....
...................# ...
...... .......^#..#. .
..... .............. ..#
..........#.#. .##
...._...## .. ..#


You could see Josephine, a troll and 2 wraiths.

Vanquished Creatures
  2 two-headed ogres
  An unseen horror (D:11)
  An orc sorcerer (Orc:1)
  A manticore (D:11)
  A troll (D:10)
  2 hornets
  2 dream sheep (D:8)
  A hippogriff (D:9)
  2 yaks (D:8)
  2 wraiths (Orc:1)
  A steam dragon (D:9)
  Menkaure (D:4)
  A water moccasin (D:11)
  2 sky beasts
  An ice beast (D:6)
  A phantom (D:7)
  An orc warrior (Orc:1)
  2 black bears (D:7)
  2 ogres
  6 centaurs
  A crocodile (D:8)
  3 big kobolds (D:8)
  Blork the orc (D:5)
  2 bullfrogs (D:11)
  3 scorpions
  15 killer bees
  7 wights (D:6)
  A howler monkey (D:5)
  2 bullfrog zombies
  A crimson imp (D:10)
  A quasit (D:8)
  2 hounds
  A jelly (D:11)
  A bullfrog skeleton (D:8)
  2 centaur skeletons
  6 orc priests
  15 orc wizards
  5 iguanas
  3 worker ants
  A hound zombie (D:8)
  Robin (D:2)
  A worker ant zombie (D:8)
  17 adders
  2 shadow imps
  2 oozes
  An adder zombie (D:8)
  A worm (D:2)
  A dart slug (D:1)
  6 leopard geckos
  42 orcs
  10 bats
  4 giant cockroaches
  12 goblins
  5 hobgoblins
  16 jackals
  7 kobolds
  6 quokkas
  A ball python (D:1)
  2 frilled lizards
  A jackal skeleton (D:6)
  A leopard gecko zombie (D:8)
  5 rats
  A butterfly (D:5)
251 creatures vanquished.

Vanquished Creatures (others)
  An orc (Orc:1)
1 creature vanquished.

Grand Total: 252 creatures vanquished

Notes
Turn   | Place    | Note
-------+----------+-------------------------------------------
     0 | D:1      | HereIgoKillingAgain the Hill Orc Fighter began the quest
                  | for the Orb.
     0 | D:1      | Reached XP level 1. HP: 19/19 MP: 1/1
    68 | D:1      | Reached skill level 3 in Axes
   201 | D:1      | Reached XP level 2. HP: 26/26 MP: 2/2
   577 | D:2      | Found a bloodstained altar of Trog.
   587 | D:2      | Noticed a sky beast
   602 | D:2      | Killed a sky beast
   602 | D:2      | Reached skill level 6 in Axes
   602 | D:2      | Reached XP level 3. HP: 6/31 MP: 3/3
   602 | D:2      | Reached XP level 4. HP: 8/39 MP: 4/4
   827 | D:2      | Reached XP level 5. HP: 43/45 MP: 5/5
  1027 | D:2      | Reached skill level 7 in Axes
  1029 | D:2      | Noticed Robin
  1037 | D:2      | Killed Robin
  1546 | D:3      | Reached skill level 8 in Axes
  1546 | D:3      | Reached XP level 6. HP: 39/51 MP: 6/6
  2271 | D:4      | Reached skill level 9 in Axes
  2519 | D:4      | Reached XP level 7. HP: 40/57 MP: 7/7
  2625 | D:4      | Noticed Menkaure
  2628 | D:4      | Killed Menkaure
  2628 | D:4      | Reached skill level 10 in Axes
  3184 | D:5      | Entered Level 5 of the Dungeon
  3328 | D:5      | Found a staircase to the Ecumenical Temple.
  3341 | D:5      | Reached skill level 11 in Axes
  3359 | D:5      | Noticed Blork the orc
  3369 | D:5      | Killed Blork the orc
  3369 | D:5      | Reached XP level 8. HP: 54/64 MP: 8/8
  3423 | Temple   | Entered the Ecumenical Temple
  3519 | Temple   | Became a worshipper of the Shining One
  3792 | D:5      | Reached skill level 12 in Axes
  3867 | D:5      | You fall through a shaft for 3 floors!
  3938 | D:8      | Noticed a tengu conjurer
  3938 | D:8      | Noticed a wyvern
  4027 | D:8      | Found Epli's General Store.
  4039 | D:8      | Reached * piety under the Shining One
  4066 | D:8      | Reached skill level 13 in Axes
  4071 | D:8      | Bought a scroll of teleportation for 45 gold pieces
  4092 | D:8      | Noticed a hornet
  4106 | D:8      | Killed a hornet
  4156 | D:8      | Found Hinonoli's General Store.
  4193 | D:7      | Reached skill level 14 in Axes
  4193 | D:7      | Reached XP level 9. HP: 66/70 MP: 9/9
  4238 | D:7      | Found Wakhir's Antique Armour Shoppe.
  4554 | D:6      | Reached skill level 15 in Axes
  4557 | D:6      | Reached ** piety under the Shining One
  4666 | D:6      | Noticed a hornet
  4671 | D:6      | Killed a hornet
  4989 | D:6      | Got a steaming iron amulet
  5020 | D:6      | Found a runed door.
  5020 | D:6      | Found a white marble altar of Elyvilon.
  5020 | D:6      | Noticed an angel
  5527 | D:6      | Reached skill level 16 in Axes
  5946 | D:8      | Found Icumaseq's Gadget Emporium.
  6075 | D:8      | Reached XP level 10. HP: 59/77 MP: 10/10
  6086 | D:8      | Reached skill level 17 in Axes
  6289 | D:8      | Noticed a three-headed hydra
  7063 | D:9      | Reached skill level 18 in Axes
  7147 | D:10     | Entered Level 10 of the Dungeon
  7195 | D:10     | Noticed an ogre mage
  7557 | D:10     | Reached *** piety under the Shining One
  7839 | D:10     | Found a staircase to the Lair.
  7994 | D:10     | Noticed a two-headed ogre
  8001 | D:10     | Killed a two-headed ogre
  8001 | D:10     | Reached skill level 19 in Axes
  8261 | D:10     | Found a transporter.
  8264 | D:10     | Noticed a cyclops
  8281 | D:11     | Found a staircase to the Orcish Mines.
  8316 | D:11     | Noticed an unseen horror
  8329 | D:11     | Killed an unseen horror
  8329 | D:11     | Reached XP level 11. HP: 74/82 MP: 11/11
  8343 | D:11     | Noticed a two-headed ogre
  8347 | D:11     | Noticed a manticore
  8361 | D:11     | Killed a two-headed ogre
  8370 | D:11     | Killed a manticore
  8370 | D:11     | Reached skill level 20 in Axes
  8774 | D:11     | Identified the amulet of Hoanuz {RegenMP Slay+2} (You found
                  | it on level 6 of the Dungeon)
  9084 | Orc:1    | Entered Level 1 of the Orcish Mines
  9161 | Orc:1    | Noticed an orc sorcerer
  9163 | Orc:1    | Paralysed by an orc sorcerer for 6 turns
  9173 | Orc:1    | Killed an orc sorcerer
  9188 | Orc:1    | Found a roughly hewn altar of Beogh.
  9188 | Orc:1    | Noticed Josephine
  9207 | Orc:1    | HP: 3/82 [wraith[Josephine] (7)]
  9207 | Orc:1    | Slain by a wraith

Vault maps used:
D:1:      dpeg_arrival_snail, hex_large, kennysheep_boxes
D:2:      bloody_trog, uniq_robin
D:4:      first_ration, uniq_menkaure
D:5:      minmay_temple_entry_butterflies, gup_sewer_entry_bubbles,
          minivault_14, uniq_blork_the_orc
D:6:      lemuel_angel_altar
D:7:      serial_shops, shop, grunt_decor_arrowhead
D:8:      serial_shops, nicolae_shop_statue_plus, shop,
          nicolae_shop_temple_entry_statues_fountains, kennysheep_mini_moat,
          shop, gammafunk_ghost_stat_death, hangedman_ranch,
          chequers_serial_rivers_micro_d, lightli_corner_chamber, uniq_pikel
D:10:     gammafunk_beogh_shrine, lair_entry_dummy
D:11:     serial_column_ruins, column_ruins_corridor_straight,
          column_ruins_columns_straight, column_ruins_open_medium
Temple:   kilobyte_greek_temple
Orc:1:    basic_altar, uniq_josephine

Skill      XL: |  1  2  3  4  5  6  7  8  9 10 11 |
---------------+----------------------------------+-----
Axes           | 3 6 8 9 11 14 16 19 20 | 20.5
Fighting       | |  3.6
Armour         | |  3.2
Shields        | |  3.2

Action                   |  1- 3 |  4- 6 |  7- 9 | 10-12 || total
-------------------------+-------+-------+-------+-------++-------
Melee: War axe           |    46 |   167 |   287 |       ||   500
       Hand axe          |       |       |    93 |   281 ||   374
Invok: Divine Shield     |       |       |       |     1 ||     1
Evoke: Wand              |       |       |       |     4 ||     4
  Use: Potion            |     1 |       |     2 |    10 ||    13
       Scroll            |       |     5 |       |     1 ||     6
  Eat: Chunk             |       |     5 |     8 |     8 ||    21
       Ration            |       |       |     1 |     1 ||     2
Armor: Scale mail        |    27 |    90 |       |       ||   117
       Plate armour      |       |     9 |   229 |   153 ||   391
       Skin              |       |       |    16 |       ||    16
Dodge: Dodged            |    20 |    43 |    42 |    54 ||   159
Block: Shield            |    31 |    94 |   137 |   143 ||   405

Table legend:
 A = Non-vault XP
 B = Vault XP
 C = Vault XP percentage of total XP
 D = Non-vault monster count
 E = Vault monster count
 F = Vault count percentage of total count
                 A         B        C        D         E       F
            +---------+---------+-------+---------+---------+-------
      Total |   11272 |    1898 |  14.4 |     222 |      28 |  11.2
            +---------+---------+-------+---------+---------+-------
        D:1 |      14 |       0 |   0.0 |       7 |       0 |   0.0
        D:2 |     202 |      35 |  14.8 |      18 |      11 |  37.9
        D:3 |     185 |       0 |   0.0 |      35 |       0 |   0.0
        D:4 |     383 |     157 |  29.1 |      15 |       1 |   6.2
        D:5 |     317 |     131 |  29.2 |      11 |       8 |  42.1
        D:6 |    1225 |       0 |   0.0 |      29 |       0 |   0.0
        D:7 |     911 |       0 |   0.0 |      17 |       0 |   0.0
        D:8 |     887 |    1159 |  56.6 |      24 |       6 |  20.0
        D:9 |    1239 |       0 |   0.0 |      17 |       0 |   0.0
       D:10 |    1940 |       0 |   0.0 |      16 |       0 |   0.0
       D:11 |    3107 |       0 |   0.0 |      24 |       0 |   0.0
      Orc:1 |     862 |     416 |  32.6 |       9 |       2 |  18.2
            +---------+---------+-------+---------+---------+-------
